 Dungeon Crawl Stone Soup version 0.20-a0-1086-g4bd2f5b (webtiles) character file.

280798 Rrauwl the Phalangite (level 20, -4/151 HPs)
             Began as a Merfolk Monk on Apr 30, 2017.
             Was the Champion of Hepliaklqana.
             Slain by Donald
             ... wielding a +2 eveningstar of holy wrath
              (10 damage)
             ... on level 2 of the Vaults on May 1, 2017.
             The game lasted 03:51:45 (40495 turns).

Rrauwl the Phalangite (Merfolk Monk)               Turns: 40495, Time: 03:51:46

Health: -4/151     AC: 25    Str: 21      XL:     20   Next: 48%
Magic:  28/29      EV: 26    Int: 12      God:    Hepliaklqana [******]
Gold:   3144       SH:  5    Dex: 15 (17) Spells: 10/19 levels left

rFire    . . .     SeeInvis .   a - +5 glaive (vamp)
rCold    + . .     Gourm    .   (shield currently unavailable)
rNeg     . . .     Faith    .   R - +4 ice dragon scales
rPois    +         Spirit   .   B - +0 hat
rElec    .         Reflect  +   x - +2 cloak
rCorr    .         Harm     .   i - +0 pair of gloves
MR       +....                  p - +2 pair of boots {Fly}
Stlth    ..........             h - +5 amulet of reflection
Regen    0.4/turn               l - ring of poison resistance
MPRegen  0.3/turn               f - ring of fire

@: silence, marked, flying, hasted, very quick
A: change form in water, swift swim, stealthy swim, reduced essence, horns 2,
repulsion field 2, molten scales 1, clever 1, deterioration 1, strong 1,
evolution 1
}: 2/15 runes: serpentine, barnacled
a: Renounce Religion, Stop Flying


You were on level 2 of the Vaults.
You worshipped Hepliaklqana.
Hepliaklqana was exalted by your worship.
You were not hungry.

You visited 7 branches of the dungeon, and saw 34 of its levels.
You also visited: Ossuary, Bailey and Ice Cave.

You collected 4660 gold pieces.
You spent 1516 gold pieces at shops.

Inventory:

Hand Weapons
 a - a +5 vampiric glaive (weapon)
 c - a +9 glaive of flaming
Armour
 i - a +0 pair of gloves (worn)
 j - +0 acid dragon scales
 p - a +2 pair of boots of flying (worn)
 x - a +2 cloak (worn)
 B - a +0 hat (worn)
 R - +4 ice dragon scales (worn)
Jewellery
 f - a ring of fire (right hand)
 h - a +5 amulet of reflection (around neck)
 l - a ring of poison resistance (left hand)
 v - the ring "Ullisi" {rC+ Str+5 Int+2}
   (You found it in an ice cave)

   [ring of intelligence]

   It affects your strength (+5).
   It affects your intelligence (+2).
   It protects you from cold.
Wands
 d - a wand of polymorph (24/24)
 n - a wand of lightning (8/15)
 E - a wand of paralysis (8/24)
 G - a wand of iceblast (11/15)
 H - a wand of confusion (41/48)
 Q - a wand of disintegration (18/24)
 S - a wand of digging (15/24)
Scrolls
 b - a scroll of amnesia
 e - 19 scrolls of identify
 g - 14 scrolls of teleportation
 k - 5 scrolls of recharging
 m - 2 scrolls of holy word
 r - 11 scrolls of remove curse
 t - 4 scrolls of fear
 y - a scroll of summoning
 A - 12 scrolls of magic mapping
 K - 2 scrolls of fog
 V - 5 scrolls of blinking
Potions
 q - a potion of invisibility
 s - a potion of ambrosia
 u - 16 potions of curing
 C - 3 potions of cancellation
 I - a potion of agility
 J - 2 potions of haste
Miscellaneous
 L - a phial of floods
 T - a box of beasts
 Y - a lamp of fire
Comestibles
 o - 14 chunks of flesh
 w - 33 royal jellies


   Skills:
 - Level 17.0 Fighting
 + Level 26.7 Polearms
   Level 5.1 Crossbows
 - Level 7.0 Armour
 - Level 21.1 Dodging
 - Level 2.1 Stealth
 - Level 13.0 Invocations
 - Level 9.0 Evocations


You had 10 spell levels left.
You knew the following spells:

 Your Spells              Type           Power        Failure   Level  Hunger
a - Regeneration          Chrm/Necr      #.........   96%         3    ####...
b - Mephitic Cloud        Conj/Pois/Air  #.......     96%         3    ####...
c - Summon Butterflies    Summ           #.......     69%         1    ##.....
d - Swiftness             Chrm/Air       #.......     83%         2    ###....


Dungeon Overview and Level Annotations

Branches:
Dungeon (15/15)            Temple (1/1) D:5            Lair (6/6) D:9
 Shoals (4/4) Lair:3        Snake (4/4) Lair:4        Slime (0/5) Lair:6
    Orc (2/2) D:11            Elf (0/3) Orc:2        Vaults (2/5) D:14
 Depths (0/5) D:15
  Crypt: Vaults:2-3

Altars:
Ashenzari
Cheibriados
Dithmenos
Elyvilon
Fedhas
Gozag
Hepliaklqana
Kikubaaqudgha
Makhleb
Nemelex Xobeh
Okawaru
Qazlal
Ru
Sif Muna
Trog
Uskayaw
Vehumet
Wu Jian
Xom
Yredelemnul
Zin
The Shining One
Beogh

Shops:
D:8 ?   D:9 ([=   D:15 %   Orc:2 [}[??   Shoals:2 [   Shoals:4 (   Snake:1 *(*=

Portals:
Trove: D:11 (give +7 demon whip)

Annotations:
Vaults:2 Donald, Jory


Innate Abilities, Weirdness & Mutations

You revert to your normal form in water.
You are very nimble and swift while swimming.
You are very stealthy in the water. (Stealth+)
Your life essence is reduced. (-10% HP)
You have a pair of horns on your head.
You are surrounded by a moderate repulsion field. (EV +3)
You are partially covered in molten scales. (AC +2)
Your mind is acute. (Int +2)
Your body sometimes deteriorates upon taking damage.
Your muscles are strong. (Str +2)
You evolve.


Message History

Donald blocks your attack.
Donald is severely wounded.
Donald hits you with an eveningstar of holy wrath!!
* * * LOW HITPOINT WARNING * * *
Your body deteriorates!
You feel clumsy.
Unknown command.
Okay, then.
Donald blocks your attack.
Your headbutt misses Donald.
Donald is severely wounded.
The red ugly thing barely misses you.
You hit Donald but do no damage.
Donald is severely wounded.
Jory hits you with a battleaxe of chopping.
* * * LOW HITPOINT WARNING * * *
x2 Jory bites you but does no damage.
Donald blocks your attack.
You headbutt Donald, but do no damage.
Donald is severely wounded.
The red ugly thing stings you but does no damage.
Donald hits you with an eveningstar of holy wrath!
You die...

........ ........
#...#......# ........
#...#......# ..>.....
#...#......# ........
#...#..>...# ........
#...#[.....#
'#########...#.....
...........(.######'#
............(.J@@V..#
###'#############u..#
.....# ...# .###...
..... ##... .......
#.## ....... ##
....... ....... .


You could see Jory, Donald, a red ugly thing and an enormous slime creature.

Vanquished Creatures
  Bai Suzhen (Snake:3)
  Saint Roka (Orc:2)
  The ghost of Cupidatis the Devastator, an adept DECj of Sif Muna (Snake:4)
  A sphinx (Vaults:1)
  Polyphemus (Shoals:3)
  A tengu reaver (Vaults:1)
  Ilsuiw (Shoals:3)
  8 nagarajas (Snake:4)
  A frost giant (Vaults:1)
  A vault warden (Vaults:1)
  6 ironheart preservers
  A war gargoyle (Vaults:1)
  A stone giant (Orc:1)
  Nessos (D:14)
  8 merfolk javelineers
  An ettin (Orc:1)
  2 merfolk impalers
  Josephine (Lair:4)
  6 yaktaur captains
  8 naga warriors
  4 rakshasas
  Harold (Lair:1)
  2 ice dragons (IceCv)
  4 hydras
  3 merfolk avatars
  3 alligator snapping turtles
  A catoblepas (Lair:2)
  7 centaur warriors
  8 anacondas
  A satyr (Shoals:4)
  A merfolk aquamancer (Shoals:4)
  3 tengu warriors (D:14)
  4 death yaks (Lair:2)
  2 ogre magi (Vaults:1)
  6 two-headed ogres
  A dancing weapon (Vaults:1)
  2 deep troll earth magi (Vaults:2)
  2 naga sharpshooters (Snake:4)
  3 shock serpents
  A shadow wraith (Vaults:1)
  A fire crab (shapeshifter) (Vaults:1)
  A skeletal warrior (Vaults:1)
  9 sea snakes
  3 wizards
  6 unseen horrors
  A glowing orange brain (D:15)
  2 deep trolls (Vaults:2)
  10 naga ritualists
  A necromancer (Vaults:1)
  6 ironbrand convokers
  14 harpies
  14 fauns
  16 mana vipers
  The ghost of Finnn the Covert, a novice SpEn of Dithmenos (D:7)
  7 ugly things
  2 orc sorcerers
  An oklob plant (Lair:4)
  8 orc knights
  2 deep elf magi
  6 cyclopes
  10 manticores
  3 salamanders
  An ice statue (IceCv)
  4 vault sentinels (Vaults:1)
  10 guardian serpents (Snake:4)
  2 water nymphs (Shoals:1)
  38 black mambas
  6 elephants
  13 naga magi
  A gargoyle (D:15)
  9 merfolk sirens
  A black mamba (shapeshifter) (Vaults:1)
  8 rime drakes
  17 spiny frogs
  6 komodo dragons
  A kobold demonologist (Bailey)
  11 yaktaurs
  A queen bee (Lair:3)
  2 trolls (D:13)
  16 merfolk
  2 polar bears
  2 tyrant leeches (Lair:6)
  10 dream sheep
  10 hippogriffs
  A meliai zombie (D:15)
  4 wind drakes
  9 blink frogs (Lair:6)
  9 slime creatures
  2 snapping turtles
  A vampire (D:12)
  33 yaks
  7 water elementals
  2 wyverns (Lair:4)
  Eustachio (D:6)
  3 basilisks
  5 wraiths
  The ghost of Trigun the Shield-Bearer, an amateur FoFi (D:4)
  Grum (Lair:1)
  2 steam dragons
  A steam dragon (shapeshifter) (D:15)
  10 vampire mosquitoes
  3 hungry ghosts
  Edmund (D:6)
  41 nagas
  2 soldier ants (D:12)
  A warg (Orc:1)
  5 water moccasins
  4 porcupines
  5 sky beasts
  10 ice beasts
  37 orc warriors
  2 eyes of draining
  An eye of draining (shapeshifter) (Vaults:1)
  3 phantoms
  3 necrophages
  12 ogres
  15 wolves
  15 boggarts
  19 centaurs
  7 crocodiles
  5 big kobolds
  A bullfrog (shapeshifter) (Vaults:1)
  26 bullfrogs
  A water moccasin zombie (D:10)
  A wyvern zombie (D:13)
  A scorpion (D:11)
  33 killer bees
  14 electric eels
  12 wights
  5 crimson imps
  3 centaur zombies
  2 quasits
  6 hounds
  12 jellies
  19 orc wizards
  15 orc priests
  Crazy Yiuf (D:4)
  3 centaur skeletons
  Jessica (D:3)
  4 bullfrog skeletons
  6 iguanas
  Ijyb (D:4)
  Terence (D:2)
  12 worker ants
  A killer bee zombie (D:10)
  A hound zombie (D:9)
  A hound skeleton (D:4)
  12 mummies (Ossuary)
  Robin (D:4)
  A howler monkey zombie (D:5)
  9 adders
  5 gnolls (Bailey)
  3 shadow imps
  2 oozes
  An adder skeleton (D:6)
  3 adder zombies
  2 worms
  7 leopard geckos
  80 orcs
  A ball python (D:7)
  6 giant cockroaches
  21 goblins
  20 hobgoblins
  19 jackals
  9 quokkas
  4 bats
  4 frilled lizards
  3 gnoll skeletons (Ossuary)
  A goblin skeleton (Ossuary)
  2 goblin zombies (D:4)
  A jackal skeleton (D:6)
  11 kobolds
  A kobold skeleton (Ossuary)
  A leopard gecko skeleton (D:4)
  3 orc skeletons (Ossuary)
  A quokka zombie (D:5)
  4 rats
  11 rat skeletons (Ossuary)
  A fungus (Lair:3)
  5 plants
  A tentacle (Shoals:1)
1128 creatures vanquished.

Vanquished Creatures (collateral kills)
  A kraken (Shoals:1)
  The ghost of Eptagon the Unseen, an adept SpEn of Okawaru (Shoals:4)
  3 nagarajas (Snake:4)
  A vault warden (Vaults:1)
  An ironheart preserver (Vaults:1)
  A merfolk javelineer (Shoals:2)
  A yaktaur captain (Vaults:1)
  2 naga warriors (Snake:4)
  2 rakshasas
  3 centaur warriors
  A catoblepas (Shoals:3)
  3 anacondas
  A two-headed ogre (Vaults:1)
  4 death yaks
  An ogre mage (Vaults:1)
  A deep troll earth mage (Vaults:2)
  2 naga sharpshooters
  An unseen horror (Vaults:1)
  A naga ritualist (Snake:4)
  3 sea snakes
  2 deep elf archers (Vaults:1)
  3 harpies (Shoals:1)
  4 orc knights
  7 mana vipers
  An ironbrand convoker (Vaults:1)
  A salamander (shapeshifter) (Vaults:1)
  6 ugly things
  4 manticores
  6 salamanders
  3 cyclopes
  5 fauns
  A cyclops (shapeshifter) (Vaults:1)
  2 elephants (Lair:6)
  3 guardian serpents
  A vault sentinel (Vaults:1)
  An ice statue (IceCv)
  A centaur zombie (D:14)
  4 naga magi
  5 merfolk sirens (Shoals:1)
  8 black mambas
  2 gargoyles
  7 spiny frogs
  A kobold demonologist (Bailey)
  A yaktaur (Vaults:1)
  3 komodo dragons
  2 rime drakes
  2 tengu conjurers (D:15)
  4 trolls
  2 merfolk
  A tyrant leech (Lair:6)
  Prince Ribbit (D:6)
  A blink frog (Lair:6)
  2 snapping turtles (Shoals:1)
  4 slime creatures
  6 hippogriffs
  A wyvern (D:14)
  4 water elementals
  3 basilisks
  2 wraiths
  5 yaks
  A warg (Vaults:1)
  9 nagas
  2 acid dragons (Vaults:1)
  4 water moccasins
  A porcupine (Lair:1)
  17 orc warriors
  A phantom (D:9)
  6 ice beasts
  7 ogres
  3 boggarts
  An eye of draining (D:13)
  13 centaurs
  A necrophage (D:10)
  4 crocodiles
  2 wolves (Lair:1)
  7 bullfrogs
  A wyvern zombie (D:6)
  9 killer bees
  3 wights
  An electric eel (D:8)
  A bullfrog zombie (D:7)
  6 jellies
  7 orc priests
  5 orc wizards
  A bullfrog skeleton (D:8)
  An iguana (D:8)
  A howler monkey zombie (D:10)
  7 gnolls
  A leopard gecko (D:8)
  26 orcs
  A goblin (Bailey)
  2 hobgoblins (Bailey)
  2 jackals (D:7)
  3 plants (Shoals:4)
  2 tentacles (Shoals:1)
315 creatures vanquished.

Vanquished Creatures (others)
  Rupert (Lair:4)
  2 merfolk javelineers
  A satyr (Shoals:4)
  2 yaktaurs (Vaults:1)
  A naga (Snake:4)
  An orc warrior (Orc:1)
  A centaur (D:8)
  24 knights
  An orc (Orc:2)
  11 fungi
  109 plants
  6 tentacles (Shoals:1)
160 creatures vanquished.

Grand Total: 1603 creatures vanquished

Notes
Turn   | Place    | Note
-------+----------+-------------------------------------------
     0 | D:1      | Rrauwl the Merfolk Monk began the quest for the Orb.
     0 | D:1      | Reached XP level 1. HP: 18/18 MP: 1/1
   188 | D:1      | Reached XP level 2. HP: 21/24 MP: 2/2
   833 | D:2      | Noticed Terence
   845 | D:2      | Reached XP level 3. HP: 21/30 MP: 3/3
   872 | D:2      | Killed Terence
   872 | D:2      | Reached skill level 5 in Polearms
  1143 | D:2      | Reached skill level 5 in Dodging
  1397 | D:2      | Reached XP level 4. HP: 37/37 MP: 4/4
  1846 | D:3      | Found a roughly hewn altar of Beogh.
  1876 | D:3      | Reached skill level 1 in Evocations
  1876 | D:3      | Reached XP level 5. HP: 20/42 MP: 5/5
  2260 | D:3      | Noticed Jessica
  2286 | D:3      | Killed Jessica
  2320 | D:3      | Reached skill level 6 in Polearms
  2450 | D:3      | Reached XP level 6. HP: 29/48 MP: 7/7
  2485 | D:3      | HP: 3/72 [orc priest/divine providence (10)]
  3123 | D:4      | Noticed an ice beast
  3150 | D:4      | Killed an ice beast
  3269 | D:4      | Reached XP level 7. HP: 15/54 MP: 9/9
  3333 | D:5      | Entered Level 5 of the Dungeon
  3581 | D:4      | Reached skill level 7 in Polearms
  3581 | D:4      | Reached skill level 1 in Armour
  3631 | D:4      | Found a sand-covered staircase.
  3639 | Ossuary  | Entered an ossuary
  4770 | D:4      | Noticed Ijyb
  4772 | D:4      | Gained mutation: You possess an exceptional clarity of mind. [potion of mutation]
  4772 | D:4      | Gained mutation: You have a pair of small horns on your head. [potion of mutation]
  4790 | D:4      | Killed Ijyb
  4929 | D:4      | Noticed Trigun's ghost (amateur FoFi)
  4942 | D:4      | Killed Trigun's ghost
  5051 | D:4      | Reached skill level 8 in Polearms
  5051 | D:4      | Reached XP level 8. HP: 50/60 MP: 11/11
  5054 | D:4      | Noticed Robin
  5062 | D:4      | Killed Robin
  5480 | D:4      | Found a runed door.
  5484 | D:4      | Noticed Crazy Yiuf
  5495 | D:4      | Killed Crazy Yiuf
  5729 | D:5      | Got an iridescent spear
  5730 | D:5      | Identified the +7 spear "Boireh" {venom, +Rage rF+} (You found it on level 5 of the Dungeon)
  6140 | D:5      | Reached skill level 5 in Evocations
  6160 | D:5      | Found a staircase to the Ecumenical Temple.
  6178 | Temple   | Entered the Ecumenical Temple
  6206 | Temple   | Became a worshipper of Hepliaklqana the Forgotten
  6206 | Temple   | Reached * piety under Hepliaklqana
  6206 | Temple   | Reached ** piety under Hepliaklqana
  6207 | Temple   | Remembered your ancestor Rick as a knight
  6345 | D:5      | Reached skill level 5 in Fighting
  6371 | D:5      | Reached skill level 9 in Polearms
  6766 | D:6      | Reached XP level 9. HP: 61/61 MP: 12/12
  6781 | D:6      | Noticed Prince Ribbit
  6807 | D:6      | Killed Prince Ribbit
  6839 | D:6      | Found a burning altar of Makhleb.
  6995 | D:6      | Noticed Eustachio
  7001 | D:6      | Reached skill level 10 in Polearms
  7011 | D:6      | Killed Eustachio
  7068 | D:6      | Noticed Edmund
  7075 | D:6      | Killed Edmund
  7195 | D:6      | Reached skill level 1 in Invocations
  7268 | D:7      | Reached skill level 10 in Dodging
  7495 | D:7      | Noticed Finnn's ghost (novice SpEn)
  7528 | D:7      | Killed Finnn's ghost
  7528 | D:7      | Reached skill level 11 in Polearms
  7528 | D:7      | Reached XP level 10. HP: 71/71 MP: 13/13
  7557 | D:7      | Found a shadowy altar of Dithmenos.
  8242 | D:8      | Found Evitros's Magic Scroll Shop.
  8267 | D:8      | Bought a scroll of enchant armour for 112 gold pieces
  8267 | D:8      | Bought a scroll of enchant armour for 112 gold pieces
  8292 | D:8      | Reached *** piety under Hepliaklqana
  8766 | D:8      | Reached skill level 12 in Polearms
  8840 | D:8      | Learned a level 3 spell: Regeneration
  9717 | D:9      | Found Adosopha's Armour Shop.
  9718 | D:9      | Found Mofol Yptudgh's Jewellery Shoppe.
  9776 | D:9      | Got a tattered robe
  9787 | D:9      | Identified the cursed +1 robe of Ati Mogu {rElec rPois SInv} (You found it on level 9 of the Dungeon)
  9795 | D:9      | Learned a level 3 spell: Mephitic Cloud
  9856 | D:9      | Found an ancient bone altar of Kikubaaqudgha.
  9858 | D:9      | Found a hide-covered altar of Uskayaw.
  9929 | D:9      | Found a blossoming altar of Fedhas.
  9944 | D:9      | Found a glowing golden altar of the Shining One.
  9950 | D:9      | Identified Waer's Reference Book on the Birds
  9956 | D:9      | Learned a level 1 spell: Summon Butterflies
  9988 | D:9      | Reached XP level 11. HP: 78/78 MP: 14/14
 10021 | D:9      | Reached skill level 5 in Invocations
 10086 | D:9      | Found a staircase to the Lair.
 10214 | D:9      | Found Wumo's Antique Weapon Shoppe.
 10369 | Lair:1   | Entered Level 1 of the Lair of Beasts
 10414 | Lair:1   | Found a frozen archway.
 10473 | IceCv    | Entered an ice cave
 10517 | IceCv    | Reached skill level 13 in Polearms
 11205 | IceCv    | Noticed an ice dragon
 11206 | IceCv    | Noticed an ice dragon
 11232 | IceCv    | Killed an ice dragon
 11241 | IceCv    | Killed an ice dragon
 11241 | IceCv    | Reached skill level 10 in Fighting
 11300 | IceCv    | Got an ancient tin ring
 11517 | Lair:1   | Identified the ring "Ullisi" {rC+ Str+5 Int+2} (You found it in an ice cave)
 11616 | Lair:1   | Reached skill level 14 in Polearms
 11758 | Lair:1   | Reached XP level 12. HP: 55/88 MP: 15/15
 11875 | Lair:1   | Noticed a seven-headed hydra
 11882 | Lair:1   | Killed a seven-headed hydra
 11903 | Lair:1   | Noticed Grum
 11912 | Lair:1   | Killed Grum
 11976 | Lair:1   | Noticed Harold
 11995 | Lair:1   | Killed Harold
 12030 | Lair:1   | Reached **** piety under Hepliaklqana
 12837 | D:8      | Bought a scroll of remove curse for 45 gold pieces
 13093 | Lair:2   | Noticed a catoblepas
 13126 | Lair:2   | Killed a catoblepas
 13238 | Lair:2   | Reached skill level 15 in Polearms
 13617 | Lair:2   | Noticed a death yak
 13626 | Lair:2   | Noticed a death yak
 13628 | Lair:2   | Noticed a death yak
 13631 | Lair:2   | Noticed a death yak
 13657 | Lair:2   | Killed a death yak
 13659 | Lair:2   | Noticed a death yak
 13659 | Lair:2   | Noticed a death yak
 13664 | Lair:2   | Killed a death yak
 13670 | Lair:2   | Killed a death yak
 13684 | Lair:2   | Killed a death yak
 13686 | Lair:2   | Killed a death yak
 13697 | Lair:2   | Killed a death yak
 13697 | Lair:2   | Reached skill level 15 in Dodging
 13697 | Lair:2   | Reached XP level 13. HP: 31/97 MP: 13/16
 14197 | Lair:3   | Reached skill level 16 in Polearms
 14219 | Lair:3   | Got a scorched spear
 14220 | Lair:3   | Identified the +0 spear of Ragnarok {freeze, Dex+4} (You found it on level 3 of the Lair of Beasts)
 14267 | Lair:3   | Found a staircase to the Shoals.
 14299 | Lair:3   | Got a transparent ring mail
 14310 | Lair:3   | Identified the cursed +0 ring mail of the Slightly Bent {-Cast Dex+8 SInv Stlth-} (You found it on level 3 of the Lair of Beasts)
 15237 | Lair:4   | Noticed Rupert
 15237 | Lair:4   | Noticed Josephine
 15375 | Lair:4   | Paralysed by Rupert for 2 turns
 15394 | Lair:4   | Killed Rupert
 15401 | Lair:4   | Killed Josephine
 15417 | Lair:4   | Reached skill level 17 in Polearms
 15571 | Lair:4   | Found a staircase to the Snake Pit.
 15906 | Lair:4   | Reached ***** piety under Hepliaklqana
 17135 | Lair:6   | Entered Level 6 of the Lair of Beasts
 17243 | Lair:6   | Reached XP level 14. HP: 103/106 MP: 17/17
 17556 | Lair:6   | Reached skill level 18 in Polearms
 18048 | Lair:6   | Found a staircase to the Slime Pits.
 18558 | Lair:6   | Got a brightly glowing quarterstaff
 18575 | Lair:6   | Identified the +4 quarterstaff of Conformity {crush, rElec} (You found it on level 6 of the Lair of Beasts)
 18959 | D:10     | Entered Level 10 of the Dungeon
 19088 | D:10     | Got a faintly humming robe
 19140 | D:10     | Identified the cursed +1 robe of Ifiunlu {rPois Str+2 Dex-5} (You found it on level 10 of the Dungeon)
 19140 | D:10     | Identified a scroll of acquirement
 19581 | D:11     | Reached ****** piety under Hepliaklqana
 20101 | D:11     | Found a portal to a secret trove of treasure.
 20162 | D:11     | Found a staircase to the Orcish Mines.
 20193 | D:11     | Gained mutation: Scrolls take you a little longer to read. [mutagenic meat]
 20194 | D:11     | Gained mutation: You have a pair of horns on your head. [mutagenic meat]
 20195 | D:11     | Gained mutation: You are partially covered in molten scales. (AC +2) [mutagenic meat]
 20266 | D:11     | Reached skill level 19 in Polearms
 20271 | D:11     | Gained mutation: Your mind is acute. (Int +2) [mutagenic meat]
 20674 | D:12     | Reached XP level 15. HP: 114/114 MP: 18/18
 20883 | D:12     | Gained mutation: Your body sometimes deteriorates upon taking damage. [mutagenic meat]
 20884 | D:12     | Gained mutation: You evolve. [mutagenic meat]
 20992 | D:12     | Reached skill level 15 in Fighting
 21303 | D:13     | Found a radiant altar of Vehumet.
 21505 | D:13     | Found a flagged portal.
 21540 | Bailey   | Entered a bailey
 21857 | Bailey   | Found an iron altar of Okawaru.
 23308 | D:14     | Noticed Nessos
 23347 | D:14     | Killed Nessos
 23630 | D:14     | Reached skill level 20 in Polearms
 23914 | D:14     | Found a gate to the Vaults.
 23920 | D:14     | Lost mutation: You have a pair of horns on your head. [evolution]
 24070 | D:15     | Entered Level 15 of the Dungeon
 24689 | D:15     | Upgraded the game from 0.20-a0-1078-g4874019 to 0.20-a0-1086-g4bd2f5b
 24769 | D:15     | Reached XP level 16. HP: 124/124 MP: 19/19
 24957 | D:15     | Found Ilurut's Food Shoppe.
 25387 | D:15     | Got a warped chain mail
 25398 | D:15     | Identified the +7 chain mail "Buvateb" {rF- Int+2 Dex+7} (You found it on level 15 of the Dungeon)
 25576 | D:15     | Found a staircase to the Depths.
 25867 | Orc:1    | Entered Level 1 of the Orcish Mines
 26402 | Orc:2    | Entered Level 2 of the Orcish Mines
 26444 | Orc:2    | Found Dafan's Magic Scroll Boutique.
 26481 | Orc:2    | Found a staircase to the Elven Halls.
 26985 | Orc:2    | Found Paiga's Gadget Shop.
 26985 | Orc:2    | Found Dourarif's Armour Shoppe.
 26987 | Orc:2    | Found Nikor's Magic Scroll Emporium.
 26989 | Orc:2    | Found Wadukag's Armour Boutique.
 26996 | Orc:2    | Bought a scroll of teleportation for 42 gold pieces
 26996 | Orc:2    | Bought a scroll of enchant weapon for 105 gold pieces
 27001 | Orc:2    | Bought a +1 pair of boots of flying for 198 gold pieces
 27065 | Orc:2    | Bought a scroll of holy word for 90 gold pieces
 27065 | Orc:2    | Bought a scroll of brand weapon for 240 gold pieces
 27106 | Orc:2    | Noticed Saint Roka
 27140 | Orc:2    | Killed Saint Roka
 27140 | Orc:2    | Reached skill level 21 in Polearms
 28047 | Orc:1    | Found a roughly hewn altar of Beogh.
 28166 | Orc:1    | Paralysed by an orc sorcerer for 7 turns
 28540 | Snake:1  | Entered Level 1 of the Snake Pit
 28682 | Snake:1  | Found Retex's Assorted Antiques.
 28682 | Snake:1  | Found Juotrom's Antique Weapon Shoppe.
 28684 | Snake:1  | Found Dahate's Jewellery Emporium.
 28692 | Snake:1  | Found Roove's General Store.
 28700 | Snake:1  | Bought a bronze wand for 100 gold pieces
 29498 | Snake:2  | Reached XP level 17. HP: 132/132 MP: 21/21
 29530 | Snake:2  | Got a pitted scale mail
 29547 | Snake:2  | Identified the +3 scale mail of Weallimp {rPois rC+ Regen+ Slay-2} (You found it on level 2 of the Snake Pit)
 30517 | Snake:3  | Noticed Bai Suzhen
 30541 | Snake:3  | Killed Bai Suzhen
 30541 | Snake:3  | Reached skill level 22 in Polearms
 30723 | Snake:3  | Lost mutation: You possess an exceptional clarity of mind. [evolution]
 30798 | Snake:4  | Entered Level 4 of the Snake Pit
 31349 | Snake:4  | Learned a level 2 spell: Swiftness
 31391 | Snake:4  | Gained mutation: Your muscles are strong. (Str +2) [mutagenic meat]
 31392 | Snake:4  | Gained mutation: You have a pair of horns on your head. [mutagenic meat]
 31393 | Snake:4  | Gained mutation: You are surrounded by a mild repulsion field. (EV +2) [mutagenic meat]
 31394 | Snake:4  | Gained mutation: You are surrounded by a moderate repulsion field. (EV +3) [mutagenic meat]
 32080 | Snake:4  | Reached skill level 5 in Armour
 32323 | Snake:4  | Noticed Cupidatis's ghost (adept DECj)
 32338 | Snake:4  | Killed Cupidatis's ghost
 32338 | Snake:4  | Reached XP level 18. HP: 100/138 MP: 19/24
 32639 | Snake:4  | Lost mutation: Scrolls take you a little longer to read. [mutagenic meat]
 33331 | Snake:4  | Reached skill level 10 in Invocations
 33580 | Snake:4  | Got a serpentine rune of Zot
 33674 | Snake:4  | Reached skill level 23 in Polearms
 33957 | Shoals:1 | Entered Level 1 of the Shoals
 35042 | Shoals:2 | Reached skill level 1 in Crossbows
 35103 | Shoals:2 | Found a hide-covered altar of Uskayaw.
 35624 | Shoals:2 | Found Lutir Hum's Armour Shop.
 35669 | Shoals:2 | Reached XP level 19. HP: 144/144 MP: 27/27
 36104 | Shoals:3 | Noticed Polyphemus
 36118 | Shoals:3 | Killed Polyphemus
 36430 | Shoals:3 | Noticed Ilsuiw
 36447 | Shoals:3 | Killed Ilsuiw
 37104 | Shoals:4 | Entered Level 4 of the Shoals
 37119 | Shoals:4 | Reached skill level 24 in Polearms
 37188 | Shoals:4 | Noticed Eptagon's ghost (adept SpEn)
 37204 | Shoals:4 | Killed Eptagon's ghost
 37237 | Shoals:4 | Got a slimy plate armour
 37238 | Shoals:4 | Identified the cursed +0 plate armour of Meamutzaiku {rC- rCorr Int+2} (You found it on level 4 of the Shoals)
 37359 | Shoals:4 | Found Jagiog's Weapon Shop.
 37667 | Shoals:4 | Got a barnacled rune of Zot
 37966 | Shoals:4 | Reached skill level 5 in Crossbows
 38080 | Shoals:4 | Bought a +2 vampiric glaive for 472 gold pieces
 38534 | Vaults:1 | Entered Level 1 of the Vaults
 39214 | Vaults:1 | Reached skill level 25 in Polearms
 39343 | Vaults:1 | Reached XP level 20. HP: 151/151 MP: 23/29
 39592 | Vaults:1 | Reached skill level 26 in Polearms
 40462 | Vaults:2 | Noticed Donald
 40463 | Vaults:2 | Noticed Jory
 40494 | Vaults:2 | HP: 7/151 [Jory/battleaxe of chopping (4)]
 40495 | Vaults:2 | Slain by Donald

Vault maps used:
D:1:      ncdulo_lavacross
D:2:      first_bread, uniq_terence
D:3:      kennysheep_orc_chapel, uniq_jessica
D:4:      enter_ossuary_4, uniq_robin, uniq_ijyb, uniq_crazy_yiuf_cottage
D:5:      temple_fountains
D:6:      marbit_many_paths, uniq_prince_ribbit1, uniq_eustachio, uniq_edmund
D:7:      nicolae_dithmenos_through_a_glass_darkly
D:8:      cheibrodos_two_vegetables, serial_shops, shop
D:9:      lemuel_crystal_altar, overflow_temple_1_default, minitemple,
          lair_entry_dummy, serial_shops, kennysheep_little_box,
          nicolae_shop_stone, shop
D:10:     serial_undead, serial_undead_f, serial_undead_c, serial_undead_b,
          serial_undead_c
D:11:     orc_0_dummy, nicolae_trove_entry_free_sample
D:12:     hangedman_pestilent_swarm
D:13:     basic_altar, enter_bailey_7
D:14:     hangedman_vaults_entry_quadrant_bands, kennysheep_big_empty_room,
          kennysheep_generic_room_5, uniq_nessos
D:15:     gammafunk_enter_depths_forms, hangedman_abyss_or_decor_stabs,
          serial_shops, shop_fountains, columned_hall_lemuel
Temple:   compressed_dpeg_circular_temple
Lair:1:   portal_ice_cave_rime, serial_bayou_pond_c, uniq_grum, uniq_harold
Lair:3:   minmay_shoals_entry_beasts
Lair:4:   guppyfry_snake_entry_garden, uniq_rupert, uniq_josephine
Lair:5:   statuecave_lemuel
Lair:6:   minmay_lair_end_frog_pond, minmay_slime_entry_jelly_boxes,
          kilobyte_rumbling_trees
Shoals:1: cheibrodos_shoals_roost
Shoals:2: serial_shops, shop, lemuel_centaur_altar
Shoals:3: uniq_ilsuiw, uniq_polyphemus
Shoals:4: shoals_end_grunt_garden, shoal_ilsuiw, serial_shops, shop_fountains
Snake:1:  minmay_shoptagon
Snake:3:  uniq_bai_suzhen
Snake:4:  snake_hunt, serial_bayou_shore_b, serial_bayou_shore_a,
          grunt_megastairs_2
Orc:1:    basic_altar
Orc:2:    st_orc_rangers, serial_shops, shop_statue, uniq_saint_roka
Vaults:1: v_misc_11, dpeg_vaults_pockets_of_resistance,
          nicolae_vaults_hallways_thing, vaults_room_hallway,
          vaults_mumra_minichess, vaults_standard_mumra_enter_the_diamond,
          vaults_mumra_chevron_long, ontoclasm_vaults_pinch,
          nicolae_vaults_little_squares_5, nicolae_vaults_little_squares_3,
          v_misc_11, v_pattern_5, nicolae_vaults_little_ls,
          nicolae_vaults_little_squares_3, dpeg_vaults_monster_box
Vaults:2: nicolae_vaults_specimen_jars, minmay_crypt_entry_necro_gods,
          nicolae_vaults_little_squares_4, nicolae_vaults_asterisk,
          vaults_room_boxed, v_alt_pattern_5, ontoclasm_vaults_claustrophobia,
          vaults_dpeg_hooks, ontoclasm_vaults_twist, uniq_jory, uniq_donald
Ossuary:  ossuary_due_small_catacomb
Bailey:   bailey_axe_of_yendor_kennysheep, bailey
IceCv:    ice_cave_small_dragons

Skill      XL: |  1  2  3  4  5  6  7  8  9 10 11 12 13 14 15 16 17 18 19 20 |
---------------+-------------------------------------------------------------+-----
Polearms       | 5 6 8 9 11 12 14 15 17 19 20 21 22 23 25 26 | 26.7
Dodging        | 5 6 7 9 10 11 13 15 16 17 19 20 21 | 21.1
Fighting       | 4 5 7 8 10 12 13 14 16 17 | 17.0
Evocations     | 1 2 3 4 5 8 9 |  9.0
Armour         | 1 2 3 4 5 6 7 |  7.0
Invocations    | 3 4 5 8 11 13 | 13.0
Crossbows      | 2 5 |  5.1
Stealth        | |  2.1

Action                   |  1- 3 |  4- 6 |  7- 9 | 10-12 | 13-15 | 16-18 | 19-21 || total
-------------------------+-------+-------+-------+-------+-------+-------+-------++-------
Melee: Spear             |   147 |   393 |   598 |   662 |  1702 |   433 |       ||  3935
       Headbutt          |       |       |    53 |   108 |   328 |   155 |   109 ||   753
       Quarterstaff      |       |       |     7 |       |       |       |       ||     7
       Tailslap          |       |       |       |       |     6 |     4 |       ||    10
       Glaive            |       |       |       |       |       |   734 |   660 ||  1394
 Fire: Arbalest          |       |       |       |       |       |    81 |    37 ||   118
Invok: Ancestor Life: Kn |       |       |     1 |       |       |       |       ||     1
       Ancestor Identity |       |       |     1 |       |       |       |       ||     1
       Recall Ancestor   |       |       |       |     3 |     8 |     6 |       ||    17
       Idealise          |       |       |       |     1 |     1 |     9 |     3 ||    14
       Transference      |       |       |       |       |     1 |       |       ||     1
 Abil: Evoke Berserk Rag |       |       |     1 |     3 |     2 |       |       ||     6
Evoke: Wand              |       |       |       |     1 |     1 |     3 |       ||     5
       Phial of floods   |       |       |       |       |       |     1 |       ||     1
  Use: Potion            |     2 |     8 |     8 |     5 |     2 |     9 |     7 ||    41
       Scroll            |     1 |     6 |     8 |    16 |    11 |    14 |     6 ||    62
 Stab: Sleeping          |     5 |     3 |       |     3 |       |       |       ||    11
       Invisible         |       |     7 |       |     5 |     4 |    11 |       ||    27
       Distracted        |       |     1 |     2 |     6 |    16 |    10 |     5 ||    40
       Petrified         |       |       |       |       |       |       |     4 ||     4
  Eat: Chunk             |     2 |     4 |     9 |    11 |    42 |    15 |    12 ||    95
       Royal jelly       |       |     1 |     1 |       |     2 |     2 |     1 ||     7
       Bread ration      |       |       |     1 |     2 |     1 |     1 |       ||     5
       Fruit             |       |       |       |     2 |       |    11 |     5 ||    18
       Meat ration       |       |       |       |       |       |     2 |       ||     2
Armor: Robe              |     9 |    45 |       |     4 |       |       |       ||    58
       Chain mail        |       |    25 |   115 |    17 |       |       |       ||   157
       Skin              |       |    10 |     3 |       |       |       |       ||    13
       Ice dragon scales |       |       |       |     9 |   152 |   213 |    98 ||   472
       Ring mail         |       |       |       |       |     4 |       |       ||     4
Dodge: Dodged            |    52 |   198 |   109 |    99 |   536 |   665 |   344 ||  2003
Block: Other             |    21 |     3 |    15 |    29 |   134 |   163 |    76 ||   441
       Reflection        |     1 |       |       |     7 |    10 |    21 |    15 ||    54
